MLB
BALTIMORE ORIOLES @ KANSAS CITY ROYALS
04/19/2024
 
TOP OF THE 1ST
Baltimore Orioles batting - Pitching for Kansas City Royals : RHP Chris Rivers
Pitching: RHP Chris Rivers
Batting: LHB Hunter Bishop 0-0: Ball
1-0: Ground out U3 (Groundball, 34, EV 77.5 MPH)
Batting: RHB Alfredo Morales 0-0: Ball
1-0: Ball
2-0: Swinging Strike
2-1: Swinging Strike
2-2: Ball
3-2: Base on Balls
Batting: LHB Tyson Detmer 0-0: Called Strike
0-1: Foul Ball, location: 23F
0-2: Grounds into double play, 4-6-3 (Groundball, 4, EV 78.8 MPH)
Top of the 1st over - 0 runs, 0 hits, 0 errors, 0 left on base; Baltimore 0 - Kansas City 0
BOTTOM OF THE 1ST
Kansas City Royals batting - Pitching for Baltimore Orioles : RHP Sixto Sanchez
Pitching: RHP Sixto Sanchez
Batting: LHB Gustavo López 0-0: Foul Ball, location: 25F
0-1: Swinging Strike
0-2: Ball
1-2: Ball
2-2: Foul Ball, location: 7LMF
2-2: DOUBLE (Line Drive, 7LS, EV 100.6 MPH)
Batting: RHB Daz Cameron 0-0: TRIPLE (Line Drive, 89XD, EV 109.4 MPH)
Gustavo López scores
Batting: RHB Mark Baker 0-0: Called Strike
0-1: Called Strike
0-2: Foul Ball, location: 9LMF
0-2: Ball
1-2: Ball
2-2: Strikes out swinging
Batting: RHB Kody Clemens 0-0: Called Strike
0-1: Fly out, F9 (Flyball, 9, EV 80.6 MPH)
Runner from 3rd tags up, SCORES, throw by RF
Batting: LHB Griffin Conine 0-0: Called Strike
0-1: Ball
1-1: Ball
2-1: Ground out 5-3 (Groundball, 56, EV 90.6 MPH)
Bottom of the 1st over - 2 runs, 2 hits, 0 errors, 0 left on base; Baltimore 0 - Kansas City 2
TOP OF THE 2ND
Baltimore Orioles batting - Pitching for Kansas City Royals : RHP Chris Rivers
Batting: LHB Dave Tatum 0-0: Swinging Strike
0-1: Ball
1-1: Foul Ball, location: 2F
1-2: SINGLE (Line Drive, 56D, EV 96.9 MPH)
Batting: RHB Evan Longoria 0-0: Called Strike
0-1: Grounds into double play, 6-4-3 (Groundball, 6, EV 102.5 MPH)
Batting: LHB Luis Arraez 0-0: Ground out 4-3 (Groundball, 4, EV 81.9 MPH)
Top of the 2nd over - 0 runs, 1 hit, 0 errors, 0 left on base; Baltimore 0 - Kansas City 2
BOTTOM OF THE 2ND
Kansas City Royals batting - Pitching for Baltimore Orioles : RHP Sixto Sanchez
Batting: RHB Francisco Alvarez 0-0: Called Strike
0-1: Ball
1-1: Ball
2-1: Ground out 6-3 (Groundball, 6, EV 101.9 MPH)
Batting: SHB Curt Franklin 0-0: Called Strike
0-1: Ball
1-1: Ball
2-1: SINGLE (Flyball, 3D, EV 94.4 MPH)
Batting: RHB Dennis Moore 0-0: Called Strike
0-1: Swinging Strike
0-2: Foul Ball, location: 23F
0-2: Foul Ball, location: 5F
0-2: Strikes out swinging
Batting: RHB Alfonso Javier 0-0: Called Strike
0-1: Ball
1-1: Fielders Choice at 2nd, 6-4 (Groundball, 6, EV 103.8 MPH)
Bottom of the 2nd over - 0 runs, 1 hit, 0 errors, 1 left on base; Baltimore 0 - Kansas City 2
TOP OF THE 3RD
Baltimore Orioles batting - Pitching for Kansas City Royals : RHP Chris Rivers
Batting: RHB Julio Rodriguez 0-0: Ground out 5-3 (Groundball, 56S, EV 81.9 MPH)
Batting: RHB Patrick Belfour 0-0: Called Strike
0-1: Foul Ball, location: 5FF
0-2: Ground out 1-3 (Groundball, 25, EV 70.0 MPH)
Batting: RHB Josh Jung 0-0: Foul Ball, location: 9LMF
0-1: Ball
1-1: Foul Ball, location: 25FF
1-2: Strikes out looking
Top of the 3rd over - 0 runs, 0 hits, 0 errors, 0 left on base; Baltimore 0 - Kansas City 2
BOTTOM OF THE 3RD
Kansas City Royals batting - Pitching for Baltimore Orioles : RHP Sixto Sanchez
Batting: LHB Gustavo López 0-0: Foul Ball, location: 2F
0-1: Ground out 2-3 (Groundball, 2R, EV 66.3 MPH)
Batting: RHB Daz Cameron 0-0: Ball
1-0: Ground out U3 (Groundball, 3, EV 103.1 MPH)
Batting: RHB Mark Baker 0-0: Ball
1-0: Foul Ball, location: 7LSF
1-1: Called Strike
1-2: Ball
2-2: Strikes out swinging, 2-3 out at first.
Bottom of the 3rd over - 0 runs, 0 hits, 0 errors, 0 left on base; Baltimore 0 - Kansas City 2
TOP OF THE 4TH
Baltimore Orioles batting - Pitching for Kansas City Royals : RHP Chris Rivers
Batting: LHB Hunter Bishop 0-0: Called Strike
0-1: Ground out 4-3 (Groundball, 4, EV 108.1 MPH)
Batting: RHB Alfredo Morales 0-0: Ground out U3 (Groundball, 34, EV 79.4 MPH)
Batting: LHB Tyson Detmer 0-0: Called Strike
0-1: Ball
1-1: Foul Ball, location: 2F
1-2: Fly out, F6 (Popup, 4MD, EV 65.0 MPH)
Top of the 4th over - 0 runs, 0 hits, 0 errors, 0 left on base; Baltimore 0 - Kansas City 2
BOTTOM OF THE 4TH
Kansas City Royals batting - Pitching for Baltimore Orioles : RHP Sixto Sanchez
Batting: RHB Kody Clemens 0-0: Ball
1-0: DOUBLE (Line Drive, 9LM, EV 106.3 MPH)
Batting: LHB Griffin Conine 0-0: Called Strike
0-1: Ball
1-1: Foul Ball, location: 2F
1-2: Strikes out swinging
Batting: RHB Francisco Alvarez 0-0: Foul Ball, location: 5FF
0-1: Ground out 6-3 (Groundball, 6, EV 101.3 MPH)
Kody Clemens to third
Batting: SHB Curt Franklin 0-0: Called Strike
0-1: Called Strike
0-2: Strikes out swinging
Bottom of the 4th over - 0 runs, 1 hit, 0 errors, 1 left on base; Baltimore 0 - Kansas City 2
TOP OF THE 5TH
Baltimore Orioles batting - Pitching for Kansas City Royals : RHP Chris Rivers
Batting: LHB Dave Tatum 0-0: Fly out, F7 (Line Drive, 7, EV 91.3 MPH)
Batting: RHB Evan Longoria 0-0: Called Strike
0-1: Called Strike
0-2: Ball
1-2: Strikes out swinging
Batting: LHB Luis Arraez 0-0: Ball
1-0: Swinging Strike
1-1: Foul Ball, location: 25F
1-2: Ground out 4-3 (Groundball, 4, EV 93.8 MPH)
Top of the 5th over - 0 runs, 0 hits, 0 errors, 0 left on base; Baltimore 0 - Kansas City 2
BOTTOM OF THE 5TH
Kansas City Royals batting - Pitching for Baltimore Orioles : RHP Sixto Sanchez
Batting: RHB Dennis Moore 0-0: Ball
1-0: Foul Ball, location: 7LSF
1-1: Ball
2-1: Called Strike
2-2: Ball
3-2: Base on Balls
Batting: RHB Alfonso Javier 0-0: SINGLE (Groundball, 6MD, EV 101.3 MPH) (infield hit)
Dennis Moore to second
Batting: LHB Gustavo López 0-0: Ball
1-0: SINGLE (Groundball, 6MD, EV 110.0 MPH)
Dennis Moore to third
Alfonso Javier to second
Runner from 3rd tries for Home, SAFE, throw by CF to home
Batting: RHB Daz Cameron 0-0: Grounds into double play, 4-6-3 (Groundball, 4, EV 86.3 MPH)
Alfonso Javier to third
Batting: RHB Mark Baker 0-0: Foul Ball, location: 2F
0-1: Swinging Strike
0-2: Foul Ball, location: 5DF
0-2: Ground out 1-3 (Groundball, 13S, EV 63.1 MPH)
Bottom of the 5th over - 1 run, 2 hits, 0 errors, 1 left on base; Baltimore 0 - Kansas City 3
TOP OF THE 6TH
Baltimore Orioles batting - Pitching for Kansas City Royals : RHP Chris Rivers
Batting: RHB Julio Rodriguez 0-0: Ground out 5-3 (Groundball, 5, EV 78.8 MPH)
Batting: RHB Patrick Belfour 0-0: SOLO HOME RUN (Flyball, 7LD, EV 101.3 MPH), Distance : 369 ft
Batting: RHB Josh Jung 0-0: Ball
1-0: Called Strike
1-1: Ball
2-1: Foul Ball, location: 7LSF
2-2: Strikes out swinging
Batting: LHB Hunter Bishop 0-0: Ground out 4-3 (Groundball, 4, EV 80.6 MPH)
Top of the 6th over - 1 run, 1 hit, 0 errors, 0 left on base; Baltimore 1 - Kansas City 3
BOTTOM OF THE 6TH
Kansas City Royals batting - Pitching for Baltimore Orioles : RHP Sixto Sanchez
Batting: RHB Kody Clemens 0-0: Ball
1-0: Fly out, F8 (Flyball, 89D, EV 88.8 MPH)
Batting: LHB Griffin Conine 0-0: Called Strike
0-1: Called Strike
0-2: Ball
1-2: Ground out 3-1 (Groundball, 34, EV 99.4 MPH)
Batting: RHB Francisco Alvarez 0-0: Ball
1-0: Ball
2-0: Foul Ball, location: 2F
2-1: Ball
3-1: Called Strike
3-2: SINGLE (Line Drive, 6D, EV 98.1 MPH)
Pitching: LHP Ryan Dibble
Batting: SHB Curt Franklin 0-0: Foul Ball, location: 3SF
0-1: Ball
1-1: SINGLE (Groundball, 34D, EV 95.0 MPH)
Francisco Alvarez to second
Runner from 2nd tries for 3rd, SAFE, no throw by RF
Batting: RHB Dennis Moore 0-0: Called Strike
0-1: Ball
1-1: Ball
2-1: Ball
3-1: Foul Ball, location: 9LDF
3-2: Base on Balls
Curt Franklin to second
Batting: RHB Alfonso Javier 0-0: Fly out, F7 (Flyball, 78M, EV 93.1 MPH)
Bottom of the 6th over - 0 runs, 2 hits, 0 errors, 3 left on base; Baltimore 1 - Kansas City 3
TOP OF THE 7TH
Baltimore Orioles batting - Pitching for Kansas City Royals : RHP Chris Rivers
Batting: RHB Alfredo Morales 0-0: Swinging Strike
0-1: Ball
1-1: Swinging Strike
1-2: Strikes out swinging
Batting: LHB Tyson Detmer 0-0: Ball
1-0: Ball
2-0: Ball
3-0: Base on Balls
Batting: LHB Dave Tatum 0-0: Called Strike
Pickoff Throw to First - Out! 1-3 CS
0-1: Ball
1-1: Swinging Strike
1-2: Strikes out looking
Top of the 7th over - 0 runs, 0 hits, 0 errors, 0 left on base; Baltimore 1 - Kansas City 3
BOTTOM OF THE 7TH
Kansas City Royals batting - Pitching for Baltimore Orioles : LHP Ryan Dibble
Batting: LHB Gustavo López 0-0: Foul Ball, location: 9LMF
0-1: Called Strike
0-2: Ball
1-2: Strikes out swinging
Batting: RHB Daz Cameron 0-0: Called Strike
0-1: Ball
1-1: Foul Ball, location: 7LSF
1-2: Strikes out swinging
Batting: RHB Mark Baker 0-0: Ball
1-0: Ball
2-0: Ball
3-0: Called Strike
3-1: Swinging Strike
3-2: Foul Ball, location: 9LSF
3-2: Strikes out swinging
Bottom of the 7th over - 0 runs, 0 hits, 0 errors, 0 left on base; Baltimore 1 - Kansas City 3
TOP OF THE 8TH
Baltimore Orioles batting - Pitching for Kansas City Royals : RHP Chris Rivers
Batting: RHB Evan Longoria 0-0: Ball
1-0: SINGLE (Groundball, 56, EV 81.3 MPH)
Batting: LHB Luis Arraez 0-0: Foul Ball, location: 3SF
0-1: Called Strike
0-2: Hit by Pitch
Evan Longoria to second
Pinch Runner at 2nd Anthony Volpe:
Batting: RHB Julio Rodriguez 0-0: Swinging Strike
0-1: Ball
1-1: Ball
2-1: Foul Ball, location: 2F
2-2: Ball
3-2: Fly out, F9 (Flyball, 9, EV 91.3 MPH)
Runner from 2nd tags up, SAFE at 3rd with throw by RF
Batting: RHB Patrick Belfour 0-0: Ball
1-0: Ball
2-0: Called Strike
2-1: Ball
3-1: Called Strike
3-2: Foul Ball, location: 9LSF
3-2: Foul Ball, location: 2F
3-2: Foul Ball, location: 3SF
3-2: Fielders Choice at home, 6-2 (Groundball, 6, EV 99.4 MPH)
Luis Arraez to second
Pitching: LHP Matt Diemer
Batting: RHB Josh Jung 0-0: Fielders Choice at 2nd, 6-4 (Groundball, 6, EV 85.6 MPH)
Top of the 8th over - 0 runs, 1 hit, 0 errors, 2 left on base; Baltimore 1 - Kansas City 3
BOTTOM OF THE 8TH
Kansas City Royals batting - Pitching for Baltimore Orioles : LHP Ryan Dibble
Pitching: RHP Ben Toder
Now at 3B: Josh Jung
Now at SS: Anthony Volpe
Batting: RHB Kody Clemens 0-0: Called Strike
0-1: Ball
1-1: Foul Ball, location: 2F
1-2: Ball
2-2: Ball
3-2: Foul Ball, location: 5F
3-2: Fly out, F7 (Flyball, 78M, EV 93.1 MPH)
Batting: LHB Griffin Conine 0-0: Ball
1-0: Fly out, F8 (Flyball, 8RD, EV 102.5 MPH)
Batting: RHB Francisco Alvarez 0-0: Swinging Strike
0-1: Ball
1-1: Swinging Strike
1-2: Foul Ball, location: 5FF
1-2: Strikes out looking
Bottom of the 8th over - 0 runs, 0 hits, 0 errors, 0 left on base; Baltimore 1 - Kansas City 3
TOP OF THE 9TH
Baltimore Orioles batting - Pitching for Kansas City Royals : LHP Matt Diemer
Pitching: RHP Addison Reed
Batting: LHB Hunter Bishop 0-0: Called Strike
0-1: Called Strike
0-2: Fly out, F8 (Flyball, 8RD, EV 96.3 MPH)
Batting: LHB Nolan Gorman 0-0: Fly out, F5 (Popup, 25F, EV 83.1 MPH)
Batting: LHB Tyson Detmer 0-0: Ball
1-0: Swinging Strike
1-1: Ball
2-1: Ball
3-1: Base on Balls
Batting: LHB Dave Tatum 0-0: Foul Ball, location: 2F
0-1: Called Strike
0-2: Strikes out swinging
Top of the 9th over - 0 runs, 0 hits, 0 errors, 1 left on base; Baltimore 1 - Kansas City 3
Tuesday, April 23rd , 2024 - OOTP Baseball 24.11 Build 85